Map: Dusk Towers

Players

LilDicky - Winner!

  • Race: Terran Terran
  • League: Diamond

Zincoontrin

  • Race: Zerg Zerg
  • League: Platinum

VOD

http://www.twitch.tv/tumescentpie

Description

Time

  • Played on: Dec. 12, 2015, 7:37 p.m.
  • Length: 9:55
Show
View Real Time Build Order
Export as new Build Order

LilDicky Terran - Winner!

Build Orders: Liberator Opening, Reaper Expand 

Get SALT Encoding   

  12  0:03  SCV  
  13  0:15  SCV  
  13  0:19  Supply Depot  
  14  0:27  SCV  
  15  0:33  Refinery  
  15  0:41  SCV  
  16  0:50  Barracks  
  16  1:01  SCV  
  17  1:23  SCV  
  18  1:39  Reaper  
  19  1:40  Orbital Command  
  19  1:46  Command Center  
  19  1:51  Refinery  
  19  2:01  Refinery  
  19  2:07  Factory  
  19  2:08  SCV  
  20  2:16  Marine  
  20  2:21  Supply Depot  
  21  2:31  SCV  
  21  2:34  Marine  
  23  2:43  SCV  
  24  2:52  Starport, Marine  
  25  3:02  Orbital Command  
  24  3:09  Marine  
  24  3:11  Armory  
  25  3:21  SCV  
  26  3:27  Marine  
  26  3:28  Factory Tech Lab  
  26  3:32  Liberator  
  27  3:36  SCV  
  27  3:37  SCV  
  29  3:45  Marine  
  30  3:52  SCV  
  30  3:53  SCV  
  35  4:07  Marine  
  35  4:08  SCV  
  37  4:11  Thor  
  37  4:12  SCV  
  37  4:14  Liberator  
  37  4:16  Supply Depot  
  44  4:24  SCV  
  45  4:25  Marine  
  49  4:53  SCV  
  49  4:54  Marine  
  49  4:56  Thor  
  57  5:05  SCV  
  58  5:07  SCV  
  58  5:11  Refinery  
  58  5:12  Marine  
  60  5:15  Supply Depot  
  60  5:19  SCV, Liberator  
  64  5:51  Supply Depot  
  64  5:52  SCV x2  
  64  5:56  Thor  
  72  6:01  Command Center  
  72  6:03  Marine  
  72  6:04  SCV x2  
  75  6:16  SCV  
  76  6:19  Barracks x3  
  76  6:20  Supply Depot  
  76  6:21  Barracks Tech Lab  
  76  6:34  Liberator  
  75  6:50  SCV x2  
  75  6:53  Thor  
  83  6:54  Marine  
  83  6:56  Stimpack  
  83  7:02  SCV  
  83  7:03  SCV  
  84  7:12  Marine  
  74  7:40  Marine x2  
  74  7:41  Marine x2  
  78  7:45  Thor  
  78  7:46  Orbital Command  
  84  7:55  Engineering Bay  
  84  7:58  Marine x4  
  74  8:07  Orbital Command  
  74  8:14  SCV  
  74  8:15  SCV  
  74  8:16  Marine x4  
  80  8:26  SCV, Starport Tech Lab  
  80  8:27  SCV  
  82  8:28  Missile Turret  
  82  8:32  Missile Turret x2  
  82  8:34  Marine x3  
  76  8:37  Marine  
  80  8:44  Missile Turret  
  80  8:45  Missile Turret  
  80  8:46  Missile Turret  
  80  8:47  Missile Turret  
  80  8:49  Thor  
  80  8:51  Marine  
  80  8:52  Marine x2  
  80  8:54  SCV  
  80  8:55  Marine  
  90  8:56  Supply Depot  
  90  8:58  Banshee  
  90  9:01  Supply Depot  
  94  9:09  Marine x2  
  95  9:10  Marine  
  95  9:13  Marine  
  98  9:27  Marine x3  
Show
View Real Time Build Order
Export as new Build Order

Zincoontrin Zerg 

Build Orders: Hatch First 

Get SALT Encoding   

  12  0:01  Drone  
  13  0:12  Overlord  
  13  0:22  Drone  
  14  0:30  Drone  
  14  0:31  Drone  
  16  0:39  Drone  
  17  0:55  Hatchery  
  16  0:59  Drone  
  17  1:06  Extractor  
  16  1:14  Spawning Pool  
  16  1:16  Drone  
  16  1:20  Drone  
  16  1:24  Drone  
  18  1:29  Drone  
  19  1:39  Overlord  
  19  2:01  Queen  
  19  2:03  Zergling x4  
  19  2:06  Queen  
  25  2:13  Metabolic Boost  
  26  2:15  Drone  
  26  2:20  Zergling x2  
  27  2:30  Drone x3  
  30  2:41  Drone x2  
  30  2:42  Evolution Chamber  
  31  2:48  Drone  
  32  2:56  Zergling x4  
  34  3:06  Drone x2  
  35  3:19  Overlord x2  
  35  3:37  Zergling x6  
  35  3:38  Zergling x6  
  41  3:43  Lair  
  41  3:45  Drone  
  41  3:47  Extractor  
  41  3:50  Extractor  
  40  4:05  Hatchery  
  39  4:14  Drone x5  
  39  4:15  Drone x3  
  47  4:23  Zerg Melee Weapons Level 1  
  47  4:25  Drone x4  
  47  4:29  Overlord  
  51  4:47  Drone x4  
  51  4:50  Overlord  
  55  5:00  Drone x4  
  55  5:03  Spore Crawler  
  55  5:05  Spore Crawler  
  57  5:07  Spore Crawler x2  
  57  5:12  Spire  
  57  5:13  Overlord x2  
  54  5:41  Drone x2  
  54  5:42  Drone x12  
  68  5:44  Extractor  
  67  5:53  Infestation Pit  
  67  5:56  Spore Crawler  
  65  5:59  Queen  
  65  6:00  Drone  
  65  6:01  Drone x3  
  71  6:07  Baneling Nest  
  70  6:24  Extractor  
  69  6:25  Extractor  
  69  6:32  Overlord  
  66  6:43  Overlord x3  
  62  6:49  Corruptor x4  
  62  6:50  Corruptor x2  
  63  6:58  Zergling x2  
  63  6:59  Zergling x8  
  60  7:25  Zergling x6  
  61  7:30  Zergling x6  
  61  7:34  Queen x2  
  68  7:40  Zergling x2  
  68  7:41  Zergling x2  
  70  7:58  Zergling x2  
  68  7:59  Overlord x3  
  68  8:03  Overlord x2  
  60  8:37  Zergling x12  
  64  8:48  Zergling x8  
  68  8:55  Zergling x2  
  68  9:06  Zergling x4  
  63  9:11  Zergling x2  
  62  9:21  Hatchery  
  62  9:22  Zergling x6  
  62  9:23  Zergling x2  
Tags
 
Add a new tag
Caveats
  • Supply blocks, unpowered buildings, or Contaminate may cause inaccurate times.
  • Supply counts are checked every 10 seconds.